[Event "Reykjavik Open 2025"]
[Site "Reykjavik"]
[Date "2025.04.09"]
[Round "1.21"]
[White "Zierk, Steven"]
[Black "Hartung, Thomas"]
[Result "1-0"]
[Annotator "TA"]
[ECO "D74"]
[WhiteElo "2501"]
[BlackElo "2118"]
[PlyCount "101"]
[EventDate "2025.04.09"]
[EventType "swiss"]
[EventCountry "ISL"]
[SourceTitle "playchess.com"]
[Source "ChessBase"]
[SourceQuality "1"]
[TimeControl "40/5400+30:1800+30"]

1. Nf3 d5 2. g3 Nf6 3. Bg2 g6 4. c4 Bg7 5. cxd5 Nxd5 6. Nc3 O-O 7. O-O c6 8. d4 Nd7 9. e4 Nxc3 10. bxc3 Qa5 11. Qb3 {[%emt 0:08:36] D74: Fianchetto Grünfeld: Main Line (5 Nf3 0-0 6 cxd5 Nxd5 7 0-0).} Nb6 12. Bd2 Be6 {[%emt 0:03:04] [#] Prevents c4.} 13. c4 $1 {[%emt 0:04:39] The position is equal.} Qa6 {[%emt 0:05:02] [#]} 14. d5 $1 cxd5 $146 (14... Bxa1 15. dxe6) (14... Bxa1 15. Rxa1 cxd5 16. cxd5 Bd7 17. Ne5 Qa4 18. Qb2 f6 19. Nxd7 Qxd7 20. Qb3 Qa4 21. Qxa4 Nxa4 {½-½ Kuhn,H (2038)-Schmid,F (2194) Landesliga Sued 1920 2019 (7.5)}) 15. cxd5 Bd7 (15... Bxa1 16. dxe6 Bg7 17. exf7+ Kh8 (17... Rxf7 18. Ng5 $16) 18. Bf4 $14) 16. Bc3 Ba4 17. Qb4 {[%emt 0:01:50] White is more active.} (17. Qb2 $1 $16 Bxc3 18. Qxc3) 17... Qc4 (17... Qb5 $1 $11 {keeps the balance.}) 18. Rac1 {[%emt 0:02:30] aiming for Qxc4.} (18. Qxc4 Nxc4 19. Bxg7 Kxg7 20. Rac1) 18... Rfc8 19. Bd2 (19. Qxc4 {simplifies} Rxc4 20. Bxg7 Kxg7 21. Rxc4 Nxc4 22. Rc1) 19... Qxb4 20. Bxb4 Kf8 21. Bh3 Bd7 22. Bxd7 Nxd7 23. Kg2 Ke8 24. Rfd1 Ne5 25. Bc3 Nxf3 26. Bxg7 Ng5 27. f3 (27. e5 $1 $14 {might be stronger.}) 27... f6 $11 28. Bh6 Nf7 29. Be3 b6 30. f4 Kd7 31. Kf3 b5 32. Bd4 Nd6 33. e5 fxe5 34. fxe5 Rf8+ (34... Nc4 $14) 35. Ke2 $1 $16 Nc4 36. Rf1 ({Better is} 36. e6+ $16 Kd6 37. a4) 36... a6 $11 37. a4 Rxf1 38. Rxf1 (38. Kxf1 Ke8 $15 (38... Rc8 39. Ke2 $16)) 38... bxa4 {[%emt 0:01:06][%mdl 4096] Endgame [#] KRB-KRN. Black is a pawn up.} (38... Rd8 $1 $11) 39. Kd3 $1 $16 Rc8 ({Black should try} 39... Na5) 40. Rb1 $2 ({White must play} 40. Rf7 $16) 40... a3 41. Rb4 Nb2+ 42. Bxb2 axb2 43. Rxb2 $11 {[%emt 0:00:07] KR-KR} Rc1 44. Rb7+ Kd8 45. e6 Rc7 46. Rb6 Ra7 (46... a5 $14) 47. Rb8+ $18 Kc7 {[%emt 0:00:03] [#]} 48. Re8 {[%emt 0:00:11] White is clearly winning.} Kb6 {[%emt 0:00:51] [#]} 49. d6 $1 exd6 50. e7 Rb7 {[%emt 0:02:35] Against Rb8} 51. Kd4 {[%emt 0:09:05] Weighted Error Value: White=0.14 (very precise) /Black=0.30  Loses game:     	---       	Black=2      Mistake:       	White=4     	Black=4      Inaccurate:     	White=2     	Black=3      OK:         	White=13    	Black=18     Best:        	White=1     	Black=1      Strong:       	White=3     	---} 1-0

[Event "Reykjavik Open 2025"]
[Site "Reykjavik"]
[Date "2025.04.09"]
[Round "1.22"]
[White "Kunz, Andre"]
[Black "Bailet, Pierre"]
[Result "1/2-1/2"]
[Annotator "ChessBase"]
[ECO "C55"]
[WhiteElo "2115"]
[BlackElo "2495"]
[PlyCount "90"]
[EventDate "2025.04.09"]
[EventType "swiss"]
[EventCountry "ISL"]
[SourceTitle "playchess.com"]
[Source "ChessBase"]
[SourceQuality "1"]
[TimeControl "40/5400+30:1800+30"]

1. e4 e5 2. Nf3 Nc6 3. Bc4 Nf6 4. d3 h6 5. c3 d6 6. a4 g6 7. Nbd2 Bg7 8. O-O O-O 9. Re1 Kh7 10. Nf1 d5 11. Bb3 Be6 12. a5 b6 13. axb6 axb6 14. Rxa8 Qxa8 15. Ng3 Na5 16. Bc2 dxe4 17. Nxe4 Nxe4 18. dxe4 Rd8 19. Qe2 Bc4 20. Qe3 Nb3 21. Nd2 Nxd2 22. Bxd2 Kg8 23. Bc1 Qa2 24. Qf3 h5 25. Rd1 Rxd1+ 26. Qxd1 Qa1 27. h4 Bf8 28. Qd2 Be6 29. g3 Kh7 30. Kg2 Bg7 31. Bd3 Qa4 32. Qe2 Bg4 33. Bb5 Qa1 34. Qe3 Be6 35. b4 Bf8 36. Bd2 Qb2 37. Qd3 c5 38. Be3 cxb4 39. cxb4 Qxb4 40. Bxb6 Bc5 41. Bxc5 Qxc5 42. Ba6 Qc6 43. Bb5 Qc1 44. Qf1 Qc2 45. Qd3 Qc1 1/2-1/2

[Event "Reykjavik Open 2025"]
[Site "Reykjavik"]
[Date "2025.04.09"]
[Round "1.23"]
[White "Draskovic, Luka"]
[Black "Bourgois, Bastien"]
[Result "1-0"]
[Annotator "ChessBase"]
[ECO "B24"]
[WhiteElo "2488"]
[BlackElo "2112"]
[PlyCount "61"]
[EventDate "2025.04.09"]
[EventType "swiss"]
[EventCountry "ISL"]
[SourceTitle "playchess.com"]
[Source "ChessBase"]
[SourceQuality "1"]
[TimeControl "40/5400+30:1800+30"]

1. e4 c5 2. Nc3 Nc6 3. Nge2 Nf6 4. g3 e5 5. Bg2 d6 6. d3 Be7 7. O-O O-O 8. h3 Rb8 9. g4 Ne8 10. f4 Nc7 11. Nd5 Nxd5 12. exd5 Nd4 13. Ng3 Bh4 14. Kh2 f5 15. c3 Bxg3+ 16. Kxg3 Nb5 17. g5 Bd7 18. Bd2 Nc7 19. Kh2 h6 20. gxh6 g6 21. Qe1 Qf6 22. Qg3 Rbe8 23. Rae1 b6 24. c4 b5 25. b3 b4 26. Bc1 Kh7 27. h4 Rf7 28. Qg5 Qh8 29. Bb2 Qf8 30. fxe5 dxe5 31. Bxe5 1-0

[Event "Reykjavik Open 2025"]
[Site "Reykjavik"]
[Date "2025.04.09"]
[Round "1.24"]
[White "Fartmann, Oliver"]
[Black "Kilic, Eray"]
[Result "0-1"]
[Annotator "ChessBase"]
[ECO "B90"]
[WhiteElo "2109"]
[BlackElo "2473"]
[PlyCount "72"]
[EventDate "2025.04.09"]
[EventType "swiss"]
[EventCountry "ISL"]
[SourceTitle "playchess.com"]
[Source "ChessBase"]
[SourceQuality "1"]
[TimeControl "40/5400+30:1800+30"]

1. e4 c5 2. Nf3 d6 3. d4 cxd4 4. Nxd4 Nf6 5. Nc3 a6 6. Be3 e5 7. Nf3 Be7 8. Bc4 Be6 9. Bxe6 fxe6 10. Ng5 Qd7 11. Qf3 d5 12. O-O-O d4 13. Bxd4 exd4 14. e5 Nc6 15. exf6 Bxf6 16. Qh5+ g6 17. Nce4 O-O 18. Nxf6+ Rxf6 19. Qh4 Raf8 20. f3 Rf5 21. Ne4 Qd5 22. Kb1 a5 23. g4 Rf4 24. Ng5 Qd7 25. Qh6 R4f6 26. Rhe1 e5 27. c3 Rf4 28. h4 Re8 29. Re4 Rxe4 30. Nxe4 Rf8 31. h5 Qg7 32. Qd2 gxh5 33. Rg1 Kh8 34. Qh2 Qf7 35. Rg3 hxg4 36. fxg4 Qg6 0-1

[Event "Reykjavik Open 2025"]
[Site "Reykjavik"]
[Date "2025.04.09"]
[Round "1.25"]
[White "Royal, Shreyas"]
[Black "Bartelt, Max Peter"]
[Result "1-0"]
[Annotator "ChessBase"]
[ECO "C10"]
[WhiteElo "2465"]
[BlackElo "2104"]
[PlyCount "75"]
[EventDate "2025.04.09"]
[EventType "swiss"]
[EventCountry "ISL"]
[SourceTitle "playchess.com"]
[Source "ChessBase"]
[SourceQuality "1"]
[TimeControl "40/5400+30:1800+30"]

1. e4 e6 2. d4 d5 3. Nc3 dxe4 4. Nxe4 Nd7 5. Nf3 Ngf6 6. Nxf6+ Nxf6 7. Be3 Nd5 8. Bd2 c5 9. Bb5+ Bd7 10. Bxd7+ Qxd7 11. c4 Nb6 12. Rc1 cxd4 13. c5 Nd5 14. O-O Rc8 15. Ne5 Qb5 16. b4 Nxb4 17. a4 Qa5 18. Nd3 Nxd3 19. Bxa5 Nxc1 20. Qxc1 Bxc5 21. Bb4 b6 22. Qc4 O-O 23. Bxc5 bxc5 24. f4 Rc7 25. Rb1 Rd8 26. Kf2 h6 27. Rb3 a5 28. Ke2 Rd5 29. Kd3 g5 30. Rb5 gxf4 31. Rxa5 Re5 32. Rb5 Re3+ 33. Kd2 Rc3 34. Qe2 f3 35. Rb8+ Kh7 36. Qe5 fxg2 37. Rh8+ Kg6 38. Rg8+ 1-0

[Event "Reykjavik Open 2025"]
[Site "Reykjavik"]
[Date "2025.04.09"]
[Round "1.26"]
[White "Ponnio, Toni"]
[Black "Hjartarson, Johann"]
[Result "0-1"]
[Annotator "ChessBase"]
[ECO "E89"]
[WhiteElo "2103"]
[BlackElo "2461"]
[PlyCount "62"]
[EventDate "2025.04.09"]
[EventType "swiss"]
[EventCountry "ISL"]
[SourceTitle "playchess.com"]
[Source "ChessBase"]
[SourceQuality "1"]
[TimeControl "40/5400+30:1800+30"]

1. d4 Nf6 2. c4 g6 3. f3 Bg7 4. e4 d6 5. Nc3 O-O 6. Nge2 e5 7. Be3 c6 8. d5 cxd5 9. cxd5 a6 10. Qd2 Nbd7 11. g4 h5 12. h3 Nh7 13. Rg1 h4 14. O-O-O b5 15. b3 Nb6 16. Kb2 b4 17. Nb1 a5 18. Nc1 Bd7 19. Qf2 Nc8 20. Nd2 a4 21. Nc4 axb3 22. Nxb3 Bb5 23. Bd3 Bf6 24. Kb1 Bxc4 25. Bxc4 Bg5 26. Rc1 Ra3 27. Rgd1 Qf6 28. Bxg5 Nxg5 29. Qxh4 Nb6 30. Qf2 Na4 31. Rd3 Nxe4 0-1

[Event "Reykjavik Open 2025"]
[Site "Reykjavik"]
[Date "2025.04.09"]
[Round "1.27"]
[White "Garifullina, Leya"]
[Black "Lacroix, Romain"]
[Result "1-0"]
[Annotator "ChessBase"]
[ECO "B12"]
[WhiteElo "2459"]
[BlackElo "2101"]
[PlyCount "87"]
[EventDate "2025.04.09"]
[EventType "swiss"]
[EventCountry "ISL"]
[SourceTitle "playchess.com"]
[Source "ChessBase"]
[SourceQuality "1"]
[TimeControl "40/5400+30:1800+30"]

1. e4 c6 2. d4 d5 3. e5 c5 4. dxc5 e6 5. Nf3 Bxc5 6. a3 Nd7 7. c4 Qb6 8. b4 Bxf2+ 9. Ke2 dxc4 10. Nc3 Bh4 11. Nxh4 Nxe5 12. Be3 Qc6 13. Qd4 f6 14. b5 Qc7 15. Ne4 Ne7 16. Nd6+ Kf8 17. Rc1 Bd7 18. Nf3 Nxf3 19. gxf3 Nd5 20. Nxc4 Bxb5 21. Kf2 Kf7 22. Ne5+ Qxe5 23. Qxe5 fxe5 24. Bxb5 a6 25. Bd3 Rad8 26. Be4 Rd7 27. Rhd1 Kf6 28. h4 h6 29. Rg1 Nf4 30. Bxf4 exf4 31. Rg6+ Kf7 32. Kg2 Rhd8 33. Kh3 Rd1 34. Rc7+ R8d7 35. Rxd7+ Rxd7 36. Rg1 Kf6 37. h5 Rc7 38. Kg4 Rc5 39. Rh1 Ra5 40. Bxb7 Rxa3 41. Kxf4 g5+ 42. hxg6 Kxg6 43. Be4+ Kg7 44. Ke5 1-0

[Event "Reykjavik Open 2025"]
[Site "Reykjavik"]
[Date "2025.04.09"]
[Round "1.28"]
[White "Kjartansson, Gudmundur"]
[Black "Beisteiner, Joachim"]
[Result "1-0"]
[Annotator "ChessBase"]
[ECO "A11"]
[WhiteElo "2450"]
[BlackElo "2097"]
[PlyCount "39"]
[EventDate "2025.04.09"]
[EventType "swiss"]
[EventCountry "ISL"]
[SourceTitle "playchess.com"]
[Source "ChessBase"]
[SourceQuality "1"]
[TimeControl "40/5400+30:1800+30"]

1. c4 c6 2. Nf3 d5 3. g3 Nf6 4. Bg2 dxc4 5. O-O Nbd7 6. Na3 Nb6 7. Qc2 Qd5 8. b3 cxb3 9. axb3 g6 10. Nc4 Qd8 11. Nfe5 Nbd7 12. d4 Bg7 13. Rd1 O-O 14. e4 Qc7 15. Nf3 Nh5 16. Ba3 b5 17. Ne3 Bb7 18. Nd5 Qb8 19. Nxe7+ Kh8 20. Nxc6 1-0

[Event "Reykjavik Open 2025"]
[Site "Reykjavik"]
[Date "2025.04.09"]
[Round "1.29"]
[White "Clyde, Jordan"]
[Black "Larkin, Vladyslav"]
[Result "1/2-1/2"]
[Annotator "ChessBase"]
[ECO "A06"]
[WhiteElo "2095"]
[BlackElo "2449"]
[PlyCount "63"]
[EventDate "2025.04.09"]
[EventType "swiss"]
[EventCountry "ISL"]
[SourceTitle "playchess.com"]
[Source "ChessBase"]
[SourceQuality "1"]
[TimeControl "40/5400+30:1800+30"]

1. Nf3 Nf6 2. d3 d5 3. Bg5 e6 4. c3 Be7 5. e3 h6 6. Bh4 b6 7. Qa4+ c6 8. e4 b5 9. Qc2 a5 10. Nbd2 Ba6 11. d4 O-O 12. Be2 b4 13. c4 c5 14. dxc5 Nc6 15. O-O d4 16. e5 Nd7 17. Bxe7 Qxe7 18. Nb3 a4 19. Nbxd4 Nxd4 20. Nxd4 Qxc5 21. Nf3 Bb7 22. Rfe1 a3 23. Rad1 Bc6 24. b3 Rad8 25. Qd2 Bxf3 26. Bxf3 Nxe5 27. Qxd8 Rxd8 28. Rd4 Rd6 29. Rxd6 Kh7 30. Rd8 Kg6 31. Be2 Kf6 32. Red1 1/2-1/2

[Event "Reykjavik Open 2025"]
[Site "Reykjavik"]
[Date "2025.04.09"]
[Round "1.30"]
[White "Lohia, Sohum"]
[Black "Cramling Bellon, Anna"]
[Result "1-0"]
[Annotator "ChessBase"]
[ECO "B30"]
[WhiteElo "2354"]
[BlackElo "2046"]
[PlyCount "87"]
[EventDate "2025.04.09"]
[EventType "swiss"]
[EventCountry "ISL"]
[SourceTitle "playchess.com"]
[Source "ChessBase"]
[SourceQuality "1"]
[TimeControl "40/5400+30:1800+30"]

1. e4 c5 2. Nf3 Nc6 3. Bb5 e5 4. O-O Bd6 5. d4 cxd4 6. c3 Qb6 7. Bxc6 dxc6 8. cxd4 Bg4 9. dxe5 Bxe5 10. Nbd2 Rd8 11. h3 Bxf3 12. Qxf3 Qb5 13. a4 Qb4 14. Ra3 Nf6 15. Rb3 Qxa4 16. Rxb7 O-O 17. b3 Qa6 18. Rb4 c5 19. Ra4 Qb7 20. Nc4 Bb8 21. Bg5 Rd4 22. Bxf6 gxf6 23. Re1 Qe7 24. Ne3 Qe5 25. Nf5 Kh8 26. Nxd4 cxd4 27. g3 Rd8 28. Rd1 a5 29. Qd3 Ba7 30. b4 Qe6 31. Rxa5 Bb8 32. Rd5 Rg8 33. Rxd4 Qxh3 34. Rd8 Be5 35. Rxg8+ Kxg8 36. Qf3 h5 37. Qf5 Qxf5 38. exf5 Kf8 39. b5 Ke7 40. b6 Bd6 41. b7 Bc7 42. Rc1 Kd7 43. Kg2 Bb8 44. Rc8 1-0

[Event "Reykjavik Open 2025"]
[Site "Reykjavik"]
[Date "2025.04.09"]
[Round "1.31"]
[White "Ravi Krishna G"]
[Black "Williams, Simon K"]
[Result "0-1"]
[Annotator "ChessBase"]
[ECO "A85"]
[WhiteElo "2100"]
[BlackElo "2451"]
[PlyCount "56"]
[EventDate "2025.04.09"]
[EventType "swiss"]
[EventCountry "ISL"]
[SourceTitle "playchess.com"]
[Source "ChessBase"]
[SourceQuality "1"]
[TimeControl "40/5400+30:1800+30"]

1. d4 e6 2. c4 f5 3. a3 Nf6 4. Nc3 Be7 5. Bf4 O-O 6. e3 d6 7. Nf3 Nc6 8. Be2 Ne4 9. Nxe4 fxe4 10. Nd2 Nxd4 11. Nxe4 Nxe2 12. Qxe2 Qe8 13. Bg3 b6 14. Nd2 e5 15. Qd3 Bb7 16. e4 a5 17. a4 Qg6 18. O-O h5 19. f3 Bg5 20. Bf2 Bxd2 21. Qxd2 Rxf3 22. Bg3 Rxf1+ 23. Rxf1 Bxe4 24. b3 Rf8 25. Re1 Bc6 26. Re3 Qf6 27. Re1 h4 28. Bf2 h3 0-1

[Event "Reykjavik Open 2025"]
[Site "Reykjavik"]
[Date "2025.04.09"]
[Round "1.32"]
[White "Brackmann, Hendrik"]
[Black "Kavutskiy, Kostya"]
[Result "0-1"]
[Annotator "ChessBase"]
[ECO "B86"]
[WhiteElo "2040"]
[BlackElo "2351"]
[PlyCount "66"]
[EventDate "2025.04.09"]
[EventType "swiss"]
[EventCountry "ISL"]
[SourceTitle "playchess.com"]
[Source "ChessBase"]
[SourceQuality "1"]
[TimeControl "40/5400+30:1800+30"]

1. e4 c5 2. Nf3 d6 3. d4 cxd4 4. Nxd4 Nf6 5. Nc3 a6 6. Bc4 e6 7. Be3 Be7 8. Bb3 b5 9. a3 O-O 10. g4 Bb7 11. f3 Nfd7 12. Qe2 Nc6 13. O-O-O Rc8 14. Kb1 Nce5 15. Qe1 Nc4 16. h4 Nde5 17. Bc1 Qc7 18. Nce2 d5 19. Ng3 dxe4 20. Nxe4 Rfd8 21. Qe2 Qb6 22. c3 a5 23. Rhg1 b4 24. axb4 axb4 25. f4 bxc3 26. Nxc3 Rxd4 27. Rxd4 Qxb3 28. fxe5 Na3+ 29. Ka1 Nc2+ 30. Kb1 Nxd4 31. Qd1 Rxc3 32. Qxd4 Qc2+ 33. Ka1 Rc4 0-1

[Event "Reykjavik Open 2025"]
[Site "Reykjavik"]
[Date "2025.04.09"]
[Round "1.33"]
[White "Petersen, Marcel"]
[Black "Zhang, Ruijia"]
[Result "1-0"]
[Annotator "ChessBase"]
[ECO "C07"]
[WhiteElo "2185"]
[BlackElo "1973"]
[PlyCount "67"]
[EventDate "2025.04.09"]
[EventType "swiss"]
[EventCountry "ISL"]
[SourceTitle "playchess.com"]
[Source "ChessBase"]
[SourceQuality "1"]
[TimeControl "40/5400+30:1800+30"]

1. e4 e6 2. d4 d5 3. Nd2 c5 4. Ngf3 cxd4 5. Nxd4 Nc6 6. Bb5 Bd7 7. Nxc6 bxc6 8. Bd3 Bd6 9. Qe2 Qc7 10. Nf3 f6 11. c4 Ne7 12. O-O O-O 13. h3 dxe4 14. Qxe4 Ng6 15. Re1 f5 16. Qe2 Nf4 17. Bxf4 Bxf4 18. c5 Rae8 19. Bc4 Rf6 20. Rad1 Kf8 21. Ne5 Bxe5 22. Qxe5 Qxe5 23. Rxe5 Ke7 24. f4 h6 25. Re3 g5 26. fxg5 hxg5 27. Rb3 Bc8 28. Rb8 e5 29. Ra8 a6 30. Ra7+ Kf8 31. Rd6 Rxd6 32. Rf7+ Kg8 33. cxd6 Be6 34. Re7 1-0

[Event "Reykjavik Open 2025"]
[Site "Reykjavik"]
[Date "2025.04.09"]
[Round "1.34"]
[White "Saine, Zachary"]
[Black "Xu, Yuanyuan"]
[Result "0-1"]
[Annotator "ChessBase"]
[ECO "B12"]
[WhiteElo "2019"]
[BlackElo "2288"]
[PlyCount "84"]
[EventDate "2025.04.09"]
[EventType "swiss"]
[EventCountry "ISL"]
[SourceTitle "playchess.com"]
[Source "ChessBase"]
[SourceQuality "1"]
[TimeControl "40/5400+30:1800+30"]

1. e4 c6 2. d4 d5 3. e5 Bf5 4. Nf3 e6 5. Be2 Nd7 6. O-O h6 7. a4 a5 8. Na3 Ne7 9. c3 Bg4 10. Nc2 c5 11. Na3 cxd4 12. Nxd4 Bxe2 13. Qxe2 Nc6 14. f4 Nxd4 15. cxd4 Bxa3 16. Rxa3 Qb6 17. Be3 Rc8 18. f5 exf5 19. Rxf5 Qg6 20. Rf1 Rc2 21. Qf3 Nb6 22. Rc3 Rxc3 23. bxc3 O-O 24. Bc1 Rd8 25. Qd1 Qc6 26. Qg4 Nd7 27. Rf3 Qe6 28. Qh4 Rc8 29. g4 Rc4 30. Bf4 Nf8 31. Bd2 Rxa4 32. g5 Ra1+ 33. Kg2 Ra2 34. Rf2 Ng6 35. Qg3 h5 36. h3 a4 37. Qd3 a3 38. Qb1 Rb2 39. Qa1 Qa6 40. Bc1 Nh4+ 41. Kg1 Rb3 42. Kh2 Qd3 0-1

[Event "Reykjavik Open 2025"]
[Site "Reykjavik"]
[Date "2025.04.09"]
[Round "1.35"]
[White "Hardwick, Hugo"]
[Black "Kadovic, Tamara"]
[Result "1-0"]
[Annotator "NA"]
[ECO "C63"]
[WhiteElo "1873"]
[BlackElo "1612"]
[PlyCount "71"]
[EventDate "2025.04.09"]
[EventType "swiss"]
[EventCountry "ISL"]
[SourceTitle "playchess.com"]
[Source "ChessBase"]
[SourceQuality "1"]
[TimeControl "40/5400+30:1800+30"]

1. e4 e5 2. Nf3 Nc6 3. Bb5 f5 4. d3 fxe4 5. dxe4 Nf6 6. O-O Bd6 7. Nc3 O-O 8. Bg5 Qe8 9. Re1 a6 10. Bc4+ Kh8 11. Nd5 b5 12. Bb3 Na5 13. Nh4 Nxb3 14. axb3 Bb7 15. Nxf6 gxf6 16. Bh6 Rg8 17. Qf3 Qf7 18. Nf5 Bf8 19. Rad1 Rg6 20. Qh3 Bc6 21. Bxf8 Rxf8 22. Rd3 Rfg8 23. Rg3 Rxg3 24. hxg3 Rg5 25. g4 d5 26. exd5 Bxd5 27. Rd1 Qg8 28. Ne7 Qd8 29. Nxd5 c6 30. Ne3 Qg8 31. Qf3 Qf8 32. Qxc6 h5 33. Qc7 Rg8 34. Nf5 hxg4 35. Rd7 Rg6 36. Rd8 1-0

[Event "Reykjavik Open 2025"]
[Site "Reykjavik"]
[Date "2025.04.09"]
[Round "1.36"]
[White "Gunnarsson, Jon Viktor"]
[Black "Lohr, Matthias"]
[Result "1-0"]
[Annotator "ChessBase"]
[ECO "C55"]
[WhiteElo "2439"]
[BlackElo "2092"]
[PlyCount "71"]
[EventDate "2025.04.09"]
[EventType "swiss"]
[EventCountry "ISL"]
[SourceTitle "playchess.com"]
[Source "ChessBase"]
[SourceQuality "1"]
[TimeControl "40/5400+30:1800+30"]

1. e4 e5 2. Nf3 Nc6 3. Bc4 Nf6 4. d3 h6 5. Nc3 d6 6. a3 g6 7. Be3 Bg7 8. h3 Na5 9. Ba2 Be6 10. Nd5 Nd7 11. O-O b5 12. b4 Nb7 13. c4 bxc4 14. Bxc4 c6 15. Nc3 O-O 16. Ba6 Qb8 17. d4 Nb6 18. dxe5 Bc4 19. Bxc4 Nxc4 20. Qb3 Nxe3 21. fxe3 Bxe5 22. Nxe5 dxe5 23. Rf6 Kg7 24. Raf1 Qc7 25. Qc4 Rac8 26. h4 h5 27. Kh2 Qe7 28. Rxc6 Qxh4+ 29. Kg1 Rcd8 30. Nb5 Qg5 31. Rc7 Qxe3+ 32. Kh1 Nd6 33. Nxd6 Rxd6 34. Rcxf7+ Rxf7 35. Qxf7+ Kh6 36. Qf8+ 1-0

[Event "Reykjavik Open 2025"]
[Site "Reykjavik"]
[Date "2025.04.09"]
[Round "1.37"]
[White "Blanchet, Mathieu"]
[Black "Licznerski, Lukasz"]
[Result "0-1"]
[Annotator "RC"]
[ECO "A57"]
[WhiteElo "2091"]
[BlackElo "2436"]
[PlyCount "132"]
[EventDate "2025.04.09"]
[EventType "swiss"]
[EventCountry "ISL"]
[SourceTitle "playchess.com"]
[Source "ChessBase"]
[SourceQuality "1"]
[TimeControl "40/5400+30:1800+30"]

1. d4 Nf6 2. c4 c5 3. d5 b5 4. Qc2 bxc4 5. e4 d6 6. Bxc4 g6 7. Nf3 Bg7 8. O-O O-O 9. Nc3 Nbd7 10. h3 Ne8 11. Re1 Nc7 12. Bf4 f6 13. Qd2 a5 14. a4 Ba6 15. Bxa6 Rxa6 16. Qe2 Rb6 17. Bc1 Qa8 18. Nd2 Qa6 19. Qxa6 Rxa6 20. Nb5 Nxb5 21. axb5 Raa8 22. Nc4 a4 23. Bd2 Rfb8 24. Na3 Ra7 25. Bc3 Nb6 26. Rad1 Na8 27. f4 Nc7 28. b6 Rxb6 29. Nc4 Rba6 30. e5 Nb5 31. exd6 exd6 32. Bd2 a3 33. bxa3 Nxa3 34. Nxa3 Rxa3 35. Bc1 Ra1 36. f5 gxf5 37. Bf4 Rxd1 38. Rxd1 Bf8 39. Kf2 Ra4 40. Kf3 Kf7 41. Rd3 Kg6 42. g3 h5 43. h4 Rb4 44. Bd2 Rb6 45. Ra3 c4 46. Ra8 Rb3+ 47. Ke2 Bh6 48. Bxh6 Kxh6 49. Rc8 Rc3 50. Rc6 Kg6 51. Rxd6 Rxg3 52. Rc6 Rg4 53. Rc8 Rxh4 54. d6 Rd4 55. d7 Rxd7 56. Rxc4 Kg5 57. Kf3 Rd3+ 58. Kg2 f4 59. Rc8 Rg3+ 60. Kf2 h4 61. Rg8+ Kf5 62. Rh8 h3 63. Rh5+ Kg4 64. Rh8 Rg2+ 65. Kf1 f3 66. Rh7 h2 0-1

[Event "Reykjavik Open 2025"]
[Site "Reykjavik"]
[Date "2025.04.09"]
[Round "1.38"]
[White "Prraneeth Vuppala"]
[Black "Tessiore, Luca G"]
[Result "1-0"]
[Annotator "ChessBase"]
[ECO "C88"]
[WhiteElo "2433"]
[BlackElo "2087"]
[PlyCount "81"]
[EventDate "2025.04.09"]
[EventType "swiss"]
[EventCountry "ISL"]
[SourceTitle "playchess.com"]
[Source "ChessBase"]
[SourceQuality "1"]
[TimeControl "40/5400+30:1800+30"]

1. e4 e5 2. Nf3 Nc6 3. Bb5 a6 4. Ba4 Nf6 5. O-O Be7 6. Re1 b5 7. Bb3 O-O 8. a4 Bb7 9. Nc3 b4 10. Nd5 d6 11. a5 Nd4 12. Nxd4 exd4 13. Nxe7+ Qxe7 14. d3 Nd7 15. Qg4 Kh8 16. Bg5 f6 17. Bd2 c5 18. f4 Rfe8 19. Rf1 Nf8 20. Rae1 Qd7 21. Qh5 Rad8 22. e5 Qc6 23. Rf2 d5 24. Qf7 fxe5 25. Rxe5 Qd7 26. Bxd5 Bxd5 27. Qxd7 Nxd7 28. Rxd5 Re7 29. Rd6 Ra8 30. Kf1 Kg8 31. Re2 Kf7 32. Rxe7+ Kxe7 33. Rc6 g6 34. Be1 Kf7 35. b3 Ke7 36. Bh4+ Kf7 37. Rd6 Ra7 38. g4 Kg7 39. Kf2 Nb8 40. Bf6+ Kf7 41. Be5 1-0

[Event "Reykjavik Open 2025"]
[Site "Reykjavik"]
[Date "2025.04.09"]
[Round "1.39"]
[White "Weidenhoefer, Max"]
[Black "Hagner, Bennet"]
[Result "1/2-1/2"]
[Annotator "ChessBase"]
[ECO "C28"]
[WhiteElo "2085"]
[BlackElo "2430"]
[PlyCount "77"]
[EventDate "2025.04.09"]
[EventType "swiss"]
[EventCountry "ISL"]
[SourceTitle "playchess.com"]
[Source "ChessBase"]
[SourceQuality "1"]
[TimeControl "40/5400+30:1800+30"]

1. e4 e5 2. Bc4 Nf6 3. d3 Nc6 4. Nc3 Bc5 5. h3 a6 6. Nge2 b5 7. Bb3 Na5 8. O-O O-O 9. Ng3 b4 10. Nb1 Nxb3 11. axb3 h6 12. Qf3 d5 13. Be3 Bxe3 14. Qxe3 a5 15. Nd2 Qd6 16. f4 Re8 17. fxe5 Qxe5 18. d4 Qe6 19. e5 Nd7 20. Nh5 c5 21. c3 cxd4 22. cxd4 Ra6 23. Rf4 Qg6 24. Qf3 Nf8 25. Rf1 Be6 26. Rf6 gxf6 27. Nxf6+ Kh8 28. Nxe8 Rc6 29. Qe3 Nh7 30. Nf6 Qg5 31. Qd3 Nxf6 32. Rxf6 Bxh3 33. Qxh3 Rxf6 34. exf6 Qxd2 35. Qc8+ Kh7 36. Qf5+ Kh8 37. Qc8+ Kh7 38. Qf5+ Kh8 39. Qc8+ 1/2-1/2

[Event "Reykjavik Open 2025"]
[Site "Reykjavik"]
[Date "2025.04.09"]
[Round "1.40"]
[White "Lu, Miaoyi"]
[Black "Liu, Meng"]
[Result "1-0"]
[Annotator "ChessBase"]
[ECO "B50"]
[WhiteElo "2429"]
[BlackElo "2079"]
[PlyCount "83"]
[EventDate "2025.04.09"]
[EventType "swiss"]
[EventCountry "ISL"]
[SourceTitle "playchess.com"]
[Source "ChessBase"]
[SourceQuality "1"]
[TimeControl "40/5400+30:1800+30"]

1. e4 c5 2. Nf3 d6 3. Nc3 a6 4. Be2 Nf6 5. O-O e5 6. a4 Be7 7. Bc4 Nc6 8. d3 O-O 9. Bg5 Be6 10. Bxf6 Bxf6 11. Nd5 g6 12. Qd2 Bg7 13. a5 Ne7 14. Nb6 Rb8 15. Qe3 Nc6 16. Qd2 Ne7 17. Qg5 h6 18. Qh4 Qe8 19. Nd2 Nc6 20. c3 Kh7 21. Bd5 Rd8 22. Ndc4 f5 23. exf5 gxf5 24. f4 Bxd5 25. Nxd5 Qe6 26. Nce3 Qg6 27. Rf3 Rde8 28. Qh3 e4 29. dxe4 Rxe4 30. Kh1 Ne7 31. Nxe7 Rxe7 32. Rg1 Qe6 33. g4 fxg4 34. Rxg4 d5 35. f5 Qe5 36. Rg6 Qe4 37. Ng4 Qe1+ 38. Rf1 Qe4+ 39. Kg1 Ref7 40. Nxh6 Rf6 41. Nf7+ Kg8 42. Ng5 1-0

[Event "Reykjavik Open 2025"]
[Site "Reykjavik"]
[Date "2025.04.09"]
[Round "1.41"]
[White "Schellenpfeil, Wolfgang"]
[Black "Niermann, Tristan"]
[Result "0-1"]
[Annotator "ChessBase"]
[ECO "A73"]
[WhiteElo "2079"]
[BlackElo "2427"]
[PlyCount "58"]
[EventDate "2025.04.09"]
[EventType "swiss"]
[EventCountry "ISL"]
[SourceTitle "playchess.com"]
[Source "ChessBase"]
[SourceQuality "1"]
[TimeControl "40/5400+30:1800+30"]

1. d4 Nf6 2. c4 e6 3. Nf3 c5 4. d5 exd5 5. cxd5 d6 6. Nc3 g6 7. e4 Bg7 8. Be2 Bg4 9. O-O O-O 10. Nd2 Bxe2 11. Qxe2 Re8 12. Qd3 Na6 13. a3 Nc7 14. f4 b5 15. Qf3 a5 16. g4 c4 17. g5 Nd7 18. h4 Rc8 19. Kg2 b4 20. axb4 axb4 21. Nd1 c3 22. Nc4 Nb5 23. Na5 Nd4 24. Qf2 Rxe4 25. Be3 c2 26. Bxd4 Bxd4 27. Qf3 cxd1=Q 28. Re1 Qxa1 29. Rxa1 Rc4 0-1